 Dungeon Crawl Stone Soup version 0.32-a0-314-g526f7d4993 (webtiles) character file.

Game seed: 4779976430831255327

13785 Newt the Fighter (level 12, -2/82 HPs)
             Began as a Gargoyle Fighter on Feb 15, 2024.
             Was an Initiate of Gozag.
             Slain by a slime creature (10 damage)
             ... on level 12 of the Dungeon.
             The game lasted 00:13:04 (9225 turns).

Newt the Fighter (Gargoyle Fighter)                 Turns: 9225, Time: 00:13:04

Health: -2/82      AC: 18    Str: 33    XL:     12   Next: 9%
Magic:  12/12      EV: 11    Int:  9    God:    Gozag
Gold:   1273       SH:  5    Dex:  9    Spells: 11/11 levels left

rFire   + . .        a - +1 flail
rCold   + . .        c - +1 buckler
rNeg    + . .        B - +0 leather armour "Jierih" {rPois rF+ Regen+ Str+2}
rPois   ∞            (no helmet)
rElec   +            K - +0 cloak
rCorr   .            Q - +1 pair of gloves
SInv    .            t - +0 pair of boots
Will    .....        (no amulet)
Stlth   +            n - +6 ring of strength
HPRegen 1.13/turn    H - ring of protection from cold
MPRegen 0.13/turn

%: no passive effects
@: mighty, gold aura
A: sickness immunity, AC +8, negative energy resistance 1, electricity
resistance, torment resistance 1, petrification resistance
a: Renounce Religion, Potion Petition, Call Merchant, Bribe Branch


You were on level 12 of the Dungeon.
You worshipped Gozag.
Gozag was most pleased with you.
You visited 2 branches of the dungeon, and saw 13 of its levels.

You collected 1336 gold pieces.
You paid 63 gold pieces to Gozag.

Inventory:

Hand Weapons
 a - a +1 flail (weapon)
Missiles
 i - 4 javelins
 m - 5 poisoned darts (quivered)
Armour
 b - a +0 scale mail
 c - a +1 buckler (worn)
 t - a +0 pair of boots (worn)
 B - the +0 leather armour "Jierih" (worn) {rPois rF+ Regen+ Str+2}
   (You found it on level 4 of the Dungeon)

   Str+2:     It affects your strength (+2).
   rF+:       It protects you from fire.
   rPois:     It protects you from poison Regen+: It increases your rate of
   health regeneration.
 I - a +0 pair of boots
 J - a +0 pair of gloves
 K - a +0 cloak (worn)
 Q - a +1 pair of gloves (worn)
Jewellery
 f - a ring of ice
 n - a +6 ring of strength (left hand)
 H - a ring of protection from cold (right hand)
 O - a ring of ice
Wands
 N - a wand of mindburst (1)
Scrolls
 e - 2 scrolls of silence
 j - 2 scrolls of blinking
 k - 4 scrolls of teleportation
 q - 3 scrolls of amnesia
 r - 2 scrolls of poison
 s - a scroll of enchant armour
 v - a scroll of immolation
 w - a scroll of torment {unknown}
 x - a scroll of fear {unknown}
 y - a scroll of brand weapon {unknown}
 z - a scroll of enchant weapon
 F - a scroll of fog
 G - 4 scrolls of noise
 P - a scroll of vulnerability {unknown}
Potions
 d - 3 potions of might
 g - a potion of mutation {unknown}
 h - a potion of resistance {unknown}
 l - a potion of magic
 o - 2 potions of cancellation {unknown}
 p - 2 potions of enlightenment {unknown}
 u - 2 potions of heal wounds {unknown}
 A - 6 potions of curing
 C - 2 potions of attraction
 D - a potion of ambrosia {unknown}
 E - 2 potions of haste
 L - 2 potions of degeneration {unknown}
 M - 2 potions of brilliance


   Skills:
 + Level 12.6 Fighting
 - Level 10.0 Maces & Flails
 - Level 6.5 Throwing
 * Level 8.5 Armour
 - Level 5.0 Shields
 - Level 5.2 Evocations


You had 11 spell levels left.
You didn't know any spells.
Your spell library contained the following spells:

 Spells                   Type           Power      Damage    Failure   Level
 Magic Dart               Conj           0%         1d3       45%         1
 Sandblast                Erth           0%         2d4       45%         1
 Shock                    Conj/Air       0%         1d3       45%         1
 Blink                    Tloc           0%         N/A       58%         2
 Call Imp                 Summ           0%         N/A       58%         2
 Mercury Vapours          Alch/Air       0%         N/A       58%         2
 Fugue of the Fallen      Necr           0%         N/A       83%         3
 Mephitic Cloud           Conj/Alch/Air  0%         N/A       83%         3
 Ozocubu's Armour         Ice            0%         N/A       83%         3
 Passwall                 Erth           0%         N/A       83%         3
 Stone Arrow              Conj/Erth      0%         3d7       83%         3
 Swiftness                Air            0%         N/A       83%         3
 Airstrike                Air            0%         2d(0-16)  99%         4
 Brom's Barrelling Bould  Conj/Erth      0%         2d3       99%         4
 Manifold Assault         Tloc           0%         N/A       99%         4
 Petrify                  Alch/Erth      0%         N/A       99%         4
 Freezing Cloud           Conj/Ice/Air   0%         6-21      100%        5
 Irradiate                Conj/Alch      0%         3d11      100%        5
 Summon Hydra             Summ           0%         N/A       100%        7
 Sublimation of Blood     Necr           Unusable   N/A       N/A         2

Dungeon Overview and Level Annotations

Branches:
Dungeon (12/15)            Temple (1/1) D:7            Lair (0/5) D:11
    Orc (0/2) D:11

Altars:
Ashenzari
Cheibriados
Dithmenos
Elyvilon
Fedhas
Gozag
Hepliaklqana
Kikubaaqudgha
Makhleb
Nemelex Xobeh
Okawaru
Qazlal
Ru
Sif Muna
Trog
Uskayaw
Vehumet
Wu Jian
Xom
Yredelemnul
Zin
The Shining One

Shops:
D:1 :


Innate Abilities, Weirdness & Mutations

You are immune to sickness and miasma.
Your stone body is resilient. (AC +8)
You are immune to poison.
You resist negative energy. (rN+)
You are resistant to electric shocks. (rElec)
You are resistant to unholy torment.
You are immune to petrification.


Message History

The spectral orc warrior barely misses you.
The spectral orc warrior hits you from afar with a +0 trident.
* * * LOW HITPOINT WARNING * * *
The spectral orc warrior hits you with a +0 trident!
* * * LOW HITPOINT WARNING * * *
Unknown command.
You sock Nergalle!
You kill Nergalle!
The spectral orc warrior disappears in a puff of smoke! x3
The slime creature hits you but does no damage.
Unknown command.
Unknown command.
You sock the slime creature!
The slime creature is lightly wounded.
The slime creature hits you but does no damage.
Unknown command.
You thump the slime creature!
The slime creature is moderately wounded.
The slime creature hits you.
* * * LOW HITPOINT WARNING * * *
Unknown command.
You hit the slime creature.
The slime creature is heavily wounded.
The slime creature completely misses you.
Unknown command.
Unknown command.
You sock the slime creature!
The slime creature is heavily wounded.
The slime creature closely misses you.
Unknown command.
You thump the slime creature!
The slime creature is severely wounded.
The slime creature hits you.
* * * LOW HITPOINT WARNING * * *
Unknown command.
You sock the slime creature!
The slime creature is almost dead.
The slime creature hits you!
You die...
Your body crumbles into a pile of gold.

########.. #.. #####
#######.. ..... .....>...
.... ......... #..#
#####...# #..# #...# #$J#
#...#
###########@.###########....
............................
............................
####...########............
#...# #............
#...########............
#.......................
...........................<
############################


You could see a slime creature.

Vanquished Creatures
  6 two-headed ogres
  Nergalle (D:12)
  A cyclops (D:11)
  A gargoyle (D:11)
  A rime drake (D:11)
  A troll (D:11)
  A polar bear (D:11)
  2 hornets
  3 slime creatures (D:12)
  A wyvern (D:9)
  A shadow (D:11)
  A wraith (D:11)
  9 yaks
  4 steam dragons
  4 acid dragons
  6 water moccasins
  A sky beast (D:7)
  9 ice beasts
  3 hornet zombies (D:6)
  An ogre (D:7)
  5 centaurs
  3 wolves (D:11)
  2 phantoms
  3 gnoll sergeants
  2 bullfrogs
  A scorpion (D:5)
  3 water moccasin zombies (D:6)
  A water moccasin skeleton (D:6)
  5 killer bees (D:9)
  2 centaur zombies (D:6)
  3 howler monkeys
  3 bombardier beetles
  3 jellies
  3 hounds
  A bullfrog zombie (D:6)
  A gnoll bouda (D:9)
  2 orc priests
  2 sleepcaps
  Natasha (twice) (D:2)
  2 iguanas
  7 orc wizards
  A howler monkey zombie (D:6)
  16 gnolls
  11 adders
  A shadow imp (D:8)
  2 ufetubi (D:3)
  2 ribbon worms
  2 dart slugs (D:4)
  15 orcs
  5 ball pythons
  3 bats
  4 endoplasms
  2 giant cockroaches
  6 goblins
  2 hobgoblins
  4 quokkas
  A frilled lizard (D:2)
  5 kobolds
  2 rats
197 creatures vanquished.

Vanquished Creatures (others)
  A vampire (D:11)
1 creature vanquished.

Grand Total: 198 creatures vanquished

Notes
Turn   | Place    | Note
-------+----------+-------------------------------------------
     0 | D:1      | Newt the Gargoyle Fighter began the quest for the Orb.
     0 | D:1      | Reached XP level 1. HP: 14/14 MP: 1/1
   105 | D:1      | Reached XP level 2. HP: 17/19 MP: 2/2
   481 | D:1      | Found Ywowkeap's Book Emporium.
  1014 | D:2      | Reached XP level 3. HP: 21/24 MP: 3/3
  1064 | D:2      | Reached skill level 4 in Fighting
  1080 | D:2      | Found a burning altar of Makhleb.
  1090 | D:2      | Reached XP level 4. HP: 29/29 MP: 4/4
  1162 | D:2      | Noticed Natasha
  1171 | D:2      | Killed Natasha
  1178 | D:2      | Noticed Natasha
  1187 | D:2      | Killed Natasha
  1188 | D:2      | Reached XP level 5. HP: 18/34 MP: 5/5
  1847 | D:3      | Noticed a phantom
  1866 | D:3      | Killed a phantom
  1867 | D:3      | Reached skill level 5 in Fighting
  1867 | D:3      | Reached skill level 5 in Maces & Flails
  1867 | D:3      | Reached XP level 6. HP: 27/40 MP: 6/6
  2644 | D:4      | Identified the +0 leather armour "Jierih" {rPois rF+ Regen+
                  | Str+2}
  2679 | D:4      | Reached XP level 7. HP: 36/44 MP: 7/7
  2865 | D:4      | You fall into a shaft and drop 2 floors!
  2891 | D:6      | Reached skill level 5 in Armour
  2899 | D:6      | Reached skill level 6 in Fighting
  2957 | D:6      | Noticed a steam dragon
  2976 | D:6      | Killed a steam dragon
  2977 | D:6      | Reached skill level 1 in Throwing
  2977 | D:6      | Reached XP level 8. HP: 27/52 MP: 8/8
  3146 | D:6      | Reached skill level 7 in Fighting
  3158 | D:6      | Found a snail-covered altar of Cheibriados.
  3207 | D:5      | Entered Level 5 of the Dungeon
  3397 | D:5      | Reached skill level 5 in Throwing
  3436 | D:5      | Reached XP level 9. HP: 59/59 MP: 9/9
  3627 | D:5      | Reached skill level 8 in Fighting
  4700 | D:7      | Found a staircase to the Ecumenical Temple.
  4708 | Temple   | Entered the Ecumenical Temple
  4729 | Temple   | Became a worshipper of Gozag Ym Sagoz the Greedy
  4856 | D:7      | Reached skill level 9 in Fighting
  5041 | D:7      | Noticed a hornet
  5057 | D:7      | Killed a hornet
  5292 | D:7      | Reached XP level 10. HP: 55/66 MP: 10/10
  5489 | D:7      | Found a hazy altar of Hepliaklqana.
  5490 | D:7      | Found a shimmering altar of Xom.
  5491 | D:7      | Noticed a spectral ugly thing
  5682 | D:7      | Found an iron altar of Okawaru.
  5683 | D:7      | Found a shadowy altar of Dithmenos.
  5754 | D:8      | Noticed a two-headed ogre
  5767 | D:8      | Killed a two-headed ogre
  5768 | D:8      | Reached skill level 10 in Fighting
  5862 | D:8      | Found a glowing golden altar of the Shining One.
  5862 | D:8      | Found a sacrificial altar of Ru.
  6203 | D:9      | Noticed a two-headed ogre
  6264 | D:8      | Killed a two-headed ogre
  6424 | D:9      | Reached skill level 5 in Shields
  6955 | D:10     | Entered Level 10 of the Dungeon
  7004 | D:10     | Noticed a two-headed ogre
  7020 | D:10     | Killed a two-headed ogre
  7021 | D:10     | Reached skill level 11 in Fighting
  7021 | D:10     | Reached skill level 10 in Maces & Flails
  7021 | D:10     | Reached XP level 11. HP: 27/74 MP: 11/11
  7228 | D:10     | Noticed a two-headed ogre
  7268 | D:10     | Killed a two-headed ogre
  7531 | D:10     | Noticed a two-headed ogre
  7543 | D:10     | Killed a two-headed ogre
  8043 | D:11     | Found a staircase to the Lair.
  8357 | D:11     | Found a staircase to the Orcish Mines.
  8420 | D:11     | Noticed a cyclops
  8440 | D:11     | Killed a cyclops
  8441 | D:11     | Reached skill level 12 in Fighting
  8441 | D:11     | Reached skill level 5 in Evocations
  8677 | D:11     | Noticed a two-headed ogre
  8686 | D:11     | Killed a two-headed ogre
  9171 | D:12     | Reached XP level 12. HP: 82/82 MP: 12/12
  9189 | D:12     | Noticed Nergalle
  9219 | D:12     | Killed Nergalle
  9225 | D:12     | Slain by a slime creature

Illustrated notes

Levels and vault maps discovered:
D:1:      zelgadis_glass_arrival_small, layout_loops_corners, serial_shops,
          nicolae_shop_tiny_glass, serial_bayou_ford_a
D:2:      layout_rooms, basic_altar, nicolae_half_adder, uniq_natasha
D:3:      layout_basic, chequers_mini_garden
D:4:      minmay_door_path, layout_basic, glass_columns_a
D:5:      layout_gridville
D:6:      layout_cave_pools, slow_altar_2, serial_undead, serial_undead_a,
          serial_undead_d, serial_undead_a, serial_undead_d
D:7:      layout_cave_pools, gammafunk_temple_overflow_statue,
          regret_index_temple_of_mockery, minmay_temple_entry_statues_pillars
D:8:      minmay_klotski, layout_rooms,
          chequers_temple_overflow_statue_of_worship
D:9:      layout_rooms
D:10:     layout_long_grid, nicolae_water_bricks
D:11:     layout_irregular_city, hellmonk_lair_entry_icy, minmay_quadrilaterals
D:12:     layout_long_grid, nrook_guardian_serpent_double, uniq_nergalle
Temple:   hellmonk_temple_of_storms

Skill      XL: |  1  2  3  4  5  6  7  8  9 10 11 12 |
---------------+-------------------------------------+-----
Maces & Flails | 3 4 5 7 10 | 10.0
Fighting       | 4 5 6 7 9 11 12 | 12.6
Armour         | 4 6 7 8 |  8.5
Throwing       | 1 5 6 |  6.5
Shields        | 5 |  5.0
Evocations     | 5 |  5.2

Action                     |  1- 3 |  4- 6 |  7- 9 | 10-12 || total
---------------------------+-------+-------+-------+-------++-------
  Melee: Flail             |    90 |   159 |   378 |   464 ||  1091
  Throw: Javelin           |       |     2 |       |     4 ||     6
         Dart              |       |       |    11 |    29 ||    40
  Evoke: Wand              |       |       |       |     5 ||     5
    Use: Scroll            |       |     6 |     5 |     2 ||    13
         Potion            |       |     1 |     2 |     5 ||     8
 Armour: Scale mail        |    84 |   161 |       |       ||   245
         Leather armour    |       |     4 |   344 |   427 ||   775
  Dodge: Dodged            |    52 |    98 |   234 |   280 ||   664
  Block: Buckler           |    16 |    44 |   106 |   120 ||   286

Table legend: (Time is in decaauts)
 A = Elapsed time spent in this place.
 B = Non-inter-level travel time spent in this place.
 C = Inter-level travel time spent in this place.
 D = Time resting spent in this place.
 E = Time spent auto-exploring this place.
 F = Levels seen in this place.
 G = Mean time per level.
                   A        B        C        D        E       F      G
               +--------+--------+--------+--------+--------+-----+--------+
         Total |   9298 |   8901 |    397 |   1111 |   5727 |  13 |  715.2 |
       Dungeon |   9256 |   8900 |    356 |   1111 |   5727 |  12 |  771.3 |
        Temple |     42 |      1 |     41 |      0 |      0 |   1 |   42.0 |
               +--------+--------+--------+--------+--------+-----+--------+

Top non-repeatable levels by time:
     D:7: 1087 daAuts
    D:10: 1050 daAuts
    D:11: 1048 daAuts
     D:1: 1037 daAuts
     D:6: 822 daAuts
     D:5: 784 daAuts
     D:2: 725 daAuts
     D:4: 689 daAuts
     D:3: 687 daAuts
     D:9: 607 daAuts
     D:8: 585 daAuts
    D:12: 130 daAuts
  Temple: 42 daAuts
